 Dungeon Crawl Stone Soup version 0.31.0-11-ge490571c62 (webtiles) character file.

Game seed: 9568037383442995586

166 mopl the Caller (level 5, 0/28 HPs)
             Began as a Tengu Summoner on Jan 31, 2024.
             Slain by a hound (5 damage)
             ... on level 3 of the Dungeon.
             The game lasted 00:03:34 (2011 turns).

mopl the Caller (Tengu Summoner)                    Turns: 2011, Time: 00:03:34

Health: 0/28       AC:  3    Str:  8    XL:     5   Next: 47%
Magic:  7/11       EV: 12    Int: 18    God:
Gold:   143        SH:  0    Dex: 14    Spells: 1/11 levels left

rFire   . . .        e - +2 dagger (protect)
rCold   . . .        (no shield)
rNeg    . . .        a - +0 robe
rPois   .            g - +1 hat
rElec   .            (no cloak)
rCorr   .            (no gloves)
SInv    .            (boots unavailable)
Will    .....        (no amulet)
Stlth   ++           (no ring)
HPRegen 0.24/turn    (no ring)
MPRegen 0.12/turn

%: acrobat
@: inugami summoned
A: beak, talons 3, acrobatic
a: no special abilities


You were on level 3 of the Dungeon.
You visited 1 branch of the dungeon, and saw 3 of its levels.

You collected 143 gold pieces.

Inventory:

Hand Weapons
 e - a +2 dagger of protection (weapon)
Armour
 a - a +0 robe (worn)
 g - a +1 hat (worn)
 h - a +0 scale mail of fire resistance
Scrolls
 d - a scroll of amnesia {unknown}
 f - 2 scrolls of poison {unknown}
 k - 2 scrolls of teleportation {unknown}
 l - a scroll of enchant weapon {unknown}
 m - 2 scrolls of fear {unknown}
 n - a scroll of butterflies {unknown}
Potions
 b - a potion of magic
 c - a potion of heal wounds
 i - a potion of attraction
 j - a potion of berserk rage


   Skills:
 - Level 2.1 Dodging
 - Level 2.0 Stealth
 + Level 3.8 Spellcasting
 + Level 6.5 Summonings


You had one spell level left.
You knew the following spells:

 Your Spells              Type           Power      Damage    Failure   Level
a - Summon Small Mammal   Summ           100%       N/A       1%          1
b - Call Imp              Summ           54%        N/A       1%          2
c - Call Canine Familiar  Summ           27%        N/A       3%          3
g - Summon Blazeheart Go  Fire/Summ      15%        N/A       36%         4

Your spell library contained the following spells:

 Spells                   Type           Power      Damage    Failure   Level
 Summon Lightning Spire   Summ/Air       15%        N/A       36%         4
 Animate Dead             Necr           3%         N/A       83%         4
 Manifold Assault         Tloc           3%         N/A       83%         4
 Dispersal                Tloc           1%         N/A       100%        6
 Haunt                    Necr/Summ      7%         N/A       100%        7
 Disjunction              Tloc           1%         N/A       100%        8
 Infestation              Necr           1%         N/A       100%        8


Dungeon Overview and Level Annotations

Branches:
Dungeon (3/15)

Altars:


Innate Abilities, Weirdness & Mutations

You have a beak for a mouth.
You have claws for feet.
You can magically evade attacks while moving or waiting.


Message History

The orc barely misses your cerulean imp.
The hound misses you.
Your cerulean imp hits the hound but does no damage.
Unknown command.
Casting: Call Imp (safe; 1% risk of failure)
Confirm with . or Enter, or press ? or * to list all spells.
You call for your canine familiar and it appears with a howl!
The hound bites you but does no damage.
The orc hits your cerulean imp with a +0 morningstar.
Your cerulean imp hits the hound with a -2 spear.
Unknown command.
The orc closely misses your cerulean imp.
The hound closely misses you.
Your cerulean imp hits the hound with a -2 spear.
Your inugami hits the orc but does no damage.
Unknown command.
You hit the hound.
Your weapon exudes an aura of protection.
Your kick misses the hound.
The hound is moderately wounded.
The hound bites you but does no damage.
The orc completely misses your cerulean imp.
Your inugami barely misses the orc.
Your cerulean imp hits the hound with a -2 spear.
You miss the hound.
The hound is severely wounded.
The hound closely misses you.
The orc hits your cerulean imp with a +0 morningstar!
Your cerulean imp dies!
Your cerulean imp disappears in a puff of smoke!
The hound completely misses you.
Your inugami barely misses the orc.
You closely miss the hound. Your kick misses the hound.
Your punch misses the hound.
The hound is severely wounded.
The hound bites you but does no damage.
Your inugami barely misses the orc.
Unknown command.
You miss the hound. Your kick misses the hound. Your peck misses the hound.
The hound is severely wounded.
The hound bites you.
You die...

#######.##############
......................
#######.##............
...##.##............
#####'##.##............
...
#........########'#....
<...#........# #§#....
#......h....# #.#....
.......§oh@..# #.#....
####....§...## #.#....
#........# #.#..[.
##.......# #.#....
#.......# #.#....
#.......# #....
##+##+### #.... #....
.........


You could see a hound, an orc (ally target) and a friendly inugami (summoned).

Vanquished Creatures
  Natasha (thrice) (D:2)
  5 adders
  2 dart slugs (D:2)
  An orc (D:2)
  3 endoplasms
  3 hobgoblins (D:1)
  5 jackals
  2 quokkas
  2 ball pythons
  4 bats
  2 frilled lizards
  4 kobolds
  2 rats
38 creatures vanquished.

Vanquished Creatures (collateral kills)
  A ribbon worm (D:2)
  3 orcs (D:2)
  A rat (D:2)
5 creatures vanquished.

Grand Total: 43 creatures vanquished

Notes
Turn   | Place    | Note
-------+----------+-------------------------------------------
     0 | D:1      | mopl the Tengu Summoner began the quest for the Orb.
     0 | D:1      | Reached XP level 1. HP: 10/10 MP: 4/4
   115 | D:1      | Reached skill level 5 in Summonings
   180 | D:1      | Reached XP level 2. HP: 14/15 MP: 6/6
   188 | D:1      | Learned a level 2 spell: Call Imp
   605 | D:2      | Reached XP level 3. HP: 15/19 MP: 7/7
   630 | D:2      | Learned a level 3 spell: Call Canine Familiar
  1069 | D:2      | Reached XP level 4. HP: 24/24 MP: 9/9
  1177 | D:2      | Noticed Natasha
  1183 | D:2      | Killed Natasha
  1184 | D:2      | Reached skill level 6 in Summonings
  1368 | D:2      | Noticed Natasha
  1380 | D:2      | Killed Natasha
  1381 | D:2      | Reached XP level 5. HP: 7/28 MP: 6/11
  1490 | D:2      | Noticed Natasha
  1497 | D:2      | Killed Natasha
  1777 | D:3      | Learned a level 4 spell: Summon Blazeheart Golem
  2011 | D:3      | Slain by a hound

Illustrated notes

Levels and vault maps discovered:
D:1:      tarquinn_simple_flora_water_f, layout_rooms, minivault_11
D:2:      layout_basic, uniq_natasha
D:3:      layout_basic, guppyfry_early_orc_mine, uniq_grinder, uniq_sigmund

Skill      XL: |  1  2  3  4 |
---------------+-------------+-----
Summonings     | 5 6 |  6.5
Spellcasting   | 3 |  3.8
Dodging        | |  2.1
Stealth        | |  2.0

Action                     |  1- 3 |  4- 6 || total
---------------------------+-------+-------++-------
  Melee: Short sword       |    71 |    49 ||   120
         Kick              |    22 |    15 ||    37
         Peck              |    13 |     9 ||    22
         Dagger            |       |    13 ||    13
         Punch             |       |     1 ||     1
   Cast: Call Imp          |     4 |     5 ||     9
         Call Canine Famil |       |     3 ||     3
    Use: Scroll            |     3 |       ||     3
   Stab: Sleeping          |     3 |     2 ||     5
         Distracted        |       |     2 ||     2
 Armour: Robe              |    33 |    35 ||    68
  Dodge: Dodged            |    51 |    58 ||   109
